 Dungeon Crawl Stone Soup version 0.27-a0-760-gc38aae387d (webtiles) character file.

Game seed: 4460257520623584300

38850 HoaS the Martial Artist (level 13, 0/111 HPs)
             Began as a Demigod Gladiator on Mar 23, 2021.
             Slain by a seven-headed hydra (1 damage)
             ... while petrified by a catoblepas
             ... on level 6 of the Lair of Beasts on Mar 24, 2021.
             The game lasted 00:39:51 (19302 turns).

HoaS the Martial Artist (Demigod Gladiator)        Turns: 19302, Time: 00:39:52

Health: 0/111      AC: 27    Str: 29    XL:     13   Next: 32%
Magic:  16/16      EV:  2    Int: 10    God:
Gold:   1286       SH:  0    Dex: 23    Spells: 12/12 levels left

rFire    + . .     SeeInvis .     - Unarmed
rCold    + . .     Faith    .   (no shield)
rNeg     + + +     Spirit   .   h - +0 gold dragon scales
rPois    ∞         Reflect  .   b - +1 helmet
rElec    .         Harm     .   l - +2 cloak
rCorr    .         Rampage  .   E - +0 pair of gloves
Will     +....                  z - +2 pair of boots
Stlth    ..........             n - amulet of regeneration
HPRegen  1.28/turn              x - +6 ring of strength
MPRegen  0.15/turn              a - +4 ring of evasion

@: petrified
A: high mp 1, forlorn
a: no special abilities


You were on level 6 of the Lair of Beasts.
You visited 2 branches of the dungeon, and saw 17 of its levels.

You collected 1286 gold pieces.

Inventory:

Missiles
 c - 4 atropa-tipped darts
 i - 70 poisoned darts
 j - 15 boomerangs
 r - 5 javelins
 y - 7 boomerangs of dispersal
Armour
 b - a +1 helmet (worn)
 h - +0 gold dragon scales (worn)
 l - a +2 cloak (worn)
 z - a +2 pair of boots (worn)
 E - a +0 pair of gloves (worn)
Jewellery
 a - a +4 ring of evasion (left hand)
 e - a ring of positive energy
 m - a ring of positive energy
 n - an amulet of regeneration (around neck)
 p - a ring of fire
 x - a +6 ring of strength (right hand)
 A - a ring of fire
Wands
 g - a wand of flame (56)
 w - a wand of iceblast (10)
 B - a wand of random effects (34)
 C - a wand of polymorph (5)
 F - a wand of acid (9) (quivered)
Scrolls
 d - 4 scrolls of fog
 q - 3 scrolls of teleportation
 s - a scroll of magic mapping
 D - a scroll of blinking
 G - a scroll of fear
Potions
 f - 3 potions of curing
 k - 2 potions of ambrosia
 o - 2 potions of flight
 t - 2 potions of invisibility
 u - 2 potions of attraction
Miscellaneous
 v - a lightning rod (4/4)


   Skills:
 + Level 9.5 Fighting
 - Level 1.7 Throwing
 + Level 9.5 Armour
 + Level 9.5 Dodging
 * Level 14.7 Unarmed Combat


You had 12 spell levels left.
You didn't know any spells.
Your spell library contained the following spells:

 Spells                   Type           Power      Damage    Failure   Level
 Animate Skeleton         Necr           0%         N/A       100%        1
 Pain                     Necr           0%         1d4       100%        1
 Vampiric Draining        Necr           0%         2d6       100%        3
 Animate Dead             Necr           0%         N/A       100%        4
 Agony                    Necr           0%         N/A       100%        5


Dungeon Overview and Level Annotations

Branches:
Dungeon (11/15)            Temple (0/1) D:6            Lair (6/6) D:11
  Swamp (0/4) Lair:4       Spider (0/4) Lair:2          Orc (0/2) D:11
  Slime: Lair:5-6

Shops:
D:10 (

Portals:
Abyss: D:11

Annotations:
D:11 2 transporters, nago's ghost, journeyman DrBr


Innate Abilities, Weirdness & Mutations

Your attributes grow dramatically as you level up.
You have an increased reservoir of magic. (+10% MP)
You shall have no god before yourself.


Message History

The water moccasin bites you but does no damage.
The seven-headed hydra bites you but does no damage.
The seven-headed hydra barely misses you.
The seven-headed hydra bites you but does no damage. x3
The seven-headed hydra bites you.
* * * LOW HITPOINT WARNING * * *
The seven-headed hydra completely misses you.
You are engulfed in calcifying dust.
The catoblepas gores you but does no damage.
The water moccasin bites you.
* * * LOW HITPOINT WARNING * * *
The seven-headed hydra bites you!
* * * LOW HITPOINT WARNING * * *
The seven-headed hydra bites you but does no damage. x3
The seven-headed hydra bites you!
* * * LOW HITPOINT WARNING * * *
The seven-headed hydra bites you.
* * * LOW HITPOINT WARNING * * *
The seven-headed hydra bites you but does no damage.
You are engulfed in calcifying dust.
The water moccasin bites you but does no damage.
The catoblepas gores you but does no damage.
The seven-headed hydra bites you.
* * * LOW HITPOINT WARNING * * *
The seven-headed hydra bites you!
* * * LOW HITPOINT WARNING * * *
The seven-headed hydra bites you!
* * * LOW HITPOINT WARNING * * *
The seven-headed hydra bites you.
* * * LOW HITPOINT WARNING * * *
The seven-headed hydra bites you but does no damage. x3
The water moccasin bites you but does no damage.
You are engulfed in calcifying dust.
The catoblepas breathes a plume of calcifying dust at you.
The blast of calcifying dust hits you.
* * * LOW HITPOINT WARNING * * *
The water moccasin bites you but does no damage.
The seven-headed hydra bites you but does no damage.
The seven-headed hydra bites you.
You die...

.#.......#.†.........
........................
......PP...#............
###....PP.#.#...........
####.PP.#.......#.....
##.......P###.....#
###......#......P#
##.......D.....#
###§§§§@Yk...#
##..##S..#..# #...
.....<. #.... .......
#............
..$.?........
##.P......##P. ##.. ..##
#.


You could see a catoblepas, a seven-headed hydra, a rime drake and a water
moccasin.

Vanquished Creatures
  2 boulder beetles
  8 hydras
  The ghost of Cimewiq the Thaumaturge, a journeyman DECj of Kikubaaqudgha (Lair:3)
  A catoblepas (Lair:5)
  Erica (D:10)
  3 death yaks
  A two-headed ogre (D:10)
  8 elephants
  2 black mambas
  Maggie (D:7)
  3 torpor snails
  9 cane toads
  5 rime drakes
  6 komodo dragons
  3 polar bears
  A tyrant leech (Lair:4)
  2 jumping spiders (Lair:2)
  4 blink frogs (Lair:2)
  A redback (Lair:2)
  A spriggan (D:9)
  44 yaks
  6 wyverns
  4 basilisks
  A steam dragon (Lair:2)
  14 water moccasins
  3 swamp worms (Lair:4)
  6 orc warriors
  3 black bears
  2 ice beasts
  5 ogres
  5 wolves (Lair:2)
  A phantom (D:4)
  15 bullfrogs
  2 kobold brigands
  A wyvern zombie (D:8)
  4 scorpions
  14 wights
  2 howler monkeys
  A bullfrog zombie (D:10)
  2 quasits
  3 jellies (D:3)
  6 orc priests
  6 hounds
  2 bullfrog skeletons
  2 gnoll shamans
  5 iguanas
  9 orc wizards
  7 hell rats (Lair:4)
  7 worker ants
  A worker ant zombie (D:7)
  11 gnolls
  19 adders
  A howler monkey skeleton (D:5)
  A shadow imp (D:6)
  A white imp (D:8)
  3 ufetubi
  2 adder zombies
  2 worms
  2 dart slugs
  30 orcs
  13 endoplasms
  10 giant cockroaches
  5 goblins
  5 hobgoblins
  4 jackals (D:6)
  28 kobolds
  12 quokkas
  7 ball pythons
  4 bats
  6 frilled lizards
  A quokka skeleton (D:4)
  6 rats
419 creatures vanquished.

Vanquished Creatures (others)
  34 fungi
  28 plants
  8 toadstools (D:3)
70 creatures vanquished.

Grand Total: 489 creatures vanquished

Notes
Turn   | Place    | Note
-------+----------+-------------------------------------------
     0 | D:1      | HoaS the Demigod Gladiator began the quest for the Orb.
     0 | D:1      | Reached XP level 1. HP: 17/17 MP: 3/3
    52 | D:1      | Reached skill level 3 in Unarmed Combat
   264 | D:1      | Reached XP level 2. HP: 8/24 MP: 4/4
  1102 | D:2      | Reached XP level 3. HP: 29/29 MP: 5/5
  1146 | D:2      | Reached skill level 4 in Unarmed Combat
  2037 | D:3      | Reached XP level 4. HP: 31/36 MP: 6/6
  2065 | D:3      | Reached skill level 5 in Unarmed Combat
  2600 | D:3      | Reached XP level 5. HP: 41/41 MP: 7/7
  2857 | D:3      | Reached skill level 6 in Unarmed Combat
  3672 | D:3      | Reached XP level 6. HP: 38/48 MP: 8/8
  3757 | D:4      | Noticed a wyvern
  3782 | D:4      | Killed a wyvern
  3783 | D:4      | Reached skill level 7 in Unarmed Combat
  3882 | D:4      | Reached XP level 7. HP: 53/53 MP: 9/9
  4032 | D:4      | Reached skill level 8 in Unarmed Combat
  4660 | D:5      | Entered Level 5 of the Dungeon
  4734 | D:5      | Reached skill level 9 in Unarmed Combat
  4740 | D:5      | Reached skill level 1 in Armour
  4993 | D:5      | Reached XP level 8. HP: 43/62 MP: 10/10
  5873 | D:6      | Found a staircase to the Ecumenical Temple.
  7175 | D:7      | Noticed Maggie
  7191 | D:7      | Killed Maggie
  7192 | D:7      | Reached XP level 9. HP: 62/71 MP: 11/11
  7202 | D:7      | Identified the -2 pair of boots of a bazaar {rElec rF++ rC+
                  | Str-4}
  7921 | D:7      | Reached skill level 10 in Unarmed Combat
  9043 | D:9      | Reached skill level 5 in Armour
  9054 | D:9      | Reached skill level 5 in Fighting
  9054 | D:9      | Reached skill level 5 in Dodging
  9585 | D:10     | Entered Level 10 of the Dungeon
  9653 | D:10     | Noticed Erica
  9658 | D:10     | Killed Erica
  9659 | D:10     | Reached XP level 10. HP: 80/81 MP: 13/13
  9710 | D:10     | Reached skill level 11 in Unarmed Combat
  9908 | D:10     | Found Umnoamowk's Weapon Boutique.
 10687 | D:10     | Noticed a two-headed ogre
 10693 | D:10     | Killed a two-headed ogre
 11319 | D:11     | Found a staircase to the Lair.
 12192 | D:11     | Noticed a toenail golem
 12242 | D:11     | Found a transporter.
 12242 | D:11     | Noticed a toenail golem
 12253 | D:11     | Found a transporter.
 12259 | D:11     | Noticed a purple ugly thing
 12286 | D:11     | Found a one-way gate to the infinite horrors of the Abyss.
 12286 | D:11     | Noticed nago's ghost (journeyman DrBr)
 12290 | D:11     | Identified the +5 long sword of Fate {distort, rElec rF+
                  | Stlth-}
 12290 | D:11     | Noticed a skeletal warrior
 12328 | D:11     | Found a staircase to the Orcish Mines.
 12663 | D:11     | Noticed a boulder beetle
 12702 | Lair:1   | Entered Level 1 of the Lair of Beasts
 13447 | Lair:1   | Reached XP level 11. HP: 86/91 MP: 14/14
 13528 | Lair:2   | Reached skill level 12 in Unarmed Combat
 13708 | Lair:2   | Noticed a four-headed hydra
 13727 | Lair:2   | Killed a four-headed hydra
 13813 | Lair:2   | Found a hole to the Spider Nest.
 15251 | Lair:3   | Reached skill level 13 in Unarmed Combat
 15448 | Lair:3   | Noticed a boulder beetle
 15476 | Lair:3   | Killed a boulder beetle
 15477 | Lair:3   | Reached XP level 12. HP: 65/101 MP: 5/15
 15864 | Lair:3   | Found a runed translucent gate.
 15864 | Lair:3   | Found a runed translucent gate.
 15864 | Lair:3   | Found a runed translucent gate.
 15865 | Lair:3   | Noticed Cimewiq's ghost (journeyman DECj)
 16486 | Lair:3   | Killed Cimewiq's ghost
 17237 | Lair:4   | Noticed a four-headed hydra
 17276 | Lair:4   | Killed a four-headed hydra
 17338 | Lair:4   | Noticed an eight-headed hydra
 17365 | Lair:4   | Killed an eight-headed hydra
 17482 | Lair:4   | Found a staircase to the Swamp.
 17742 | Lair:5   | Reached skill level 14 in Unarmed Combat
 17815 | Lair:5   | Noticed a seven-headed hydra
 17815 | Lair:5   | Noticed a four-headed hydra
 17875 | Lair:4   | Killed a seven-headed hydra
 17933 | Lair:5   | Killed a four-headed hydra
 18006 | Lair:5   | Noticed a seven-headed hydra
 18037 | Lair:4   | Killed a seven-headed hydra
 18153 | Lair:5   | Reached XP level 13. HP: 111/111 MP: 16/16
 18995 | Lair:6   | Entered Level 6 of the Lair of Beasts
 19014 | Lair:6   | Upgraded the game from 0.27-a0-732-ga892ba84f6 to
                  | 0.27-a0-760-gc38aae387d
 19301 | Lair:6   | HP: 4/111 [seven-headed hydra (4)]
 19302 | Lair:6   | HP: 1/111 [catoblepas/blast of calcifying dust (3)]
 19302 | Lair:6   | Slain by a seven-headed hydra

Illustrated notes

Levels and vault maps discovered:
D:1:      amcnicky_arrival_underground_garden, layout_basic, nrook_mini_vaults,
          minmay_tree_intersection, minmay_hedge_maze, minmay_misc_feat_encased
D:2:      layout_loops_ring, lemuel_crystal_altar
D:3:      cheibrodos_fertilizer, layout_loops_ring
D:4:      layout_cave_pods, lemuel_doored_altar, nicolae_overflow_crystal_walls,
          gup_sewer_entry_glass
D:5:      layout_basic, gammafunk_temple_overflow_elements
D:6:      layout_rooms, pdpol_wu_jian_five_deadly_venoms,
          minmay_temple_entry_mini_moons, mrwooster_statue_mirror
D:7:      layout_basic, dk_rats_in_the_wall, uniq_maggie
D:8:      layout_rooms
D:9:      layout_layer_cave, amcnicky_mini_corridor_feature, the_bakery
D:10:     minmay_inner_zag, layout_loops_corners, serial_shops,
          nicolae_shop_statue_plus, nrook_campfire, uniq_erica
D:11:     layout_long_grid, grunt_lair_entry_orc_guard_hut, erik_orc_3,
          gammafunk_ghost_abyssal_escape, minivault_22, serial_bayou_pond_b
Lair:1:   layout_cave_pods
Lair:2:   layout_cave_pods, spider_nest_entry_a, basic_altar
Lair:3:   layout_layer_cave, ebering_ghost_rock_garden
Lair:4:   layout_cave_pods, palyth_hydra_swamp_entry, basic_altar
Lair:5:   layout_hall_layers, grunt_megastairs_1
Lair:6:   cheibrodos_lair_end_hotspot, layout_misc_corridors, slime_altar_1,
          infiniplex_staircase_pool

Skill      XL: |  1  2  3  4  5  6  7  8  9 10 11 12 |
---------------+-------------------------------------+-----
Unarmed Combat | 3 4 5 6 7 9 10 11 13 14 | 14.7
Fighting       | 2 4 5 6 7 9 |  9.5
Armour         | 1 4 5 6 7 9 |  9.5
Dodging        | 3 4 5 6 7 9 |  9.5
Throwing       | |  1.7

Action                   |  1- 3 |  4- 6 |  7- 9 | 10-12 | 13-15 || total
-------------------------+-------+-------+-------+-------+-------++-------
Melee: Unarmed           |   190 |   200 |   540 |   923 |   168 ||  2021
       Punch             |     2 |     3 |    20 |    71 |    22 ||   118
Throw: Throwing net      |       |     3 |     1 |       |       ||     4
       Dart              |       |       |       |     1 |       ||     1
Evoke: Wand              |       |       |     2 |     7 |       ||     9
       Lightning rod     |       |       |       |     1 |       ||     1
  Use: Scroll            |     5 |     5 |     8 |     5 |     3 ||    26
       Potion            |       |     1 |       |     7 |       ||     8
 Stab: Petrified         |       |       |       |       |     3 ||     3
Armor: Leather armour    |    19 |       |       |       |       ||    19
       Chain mail        |    47 |    69 |    74 |       |       ||   190
       Skin              |       |    10 |     6 |       |       ||    16
       Gold dragon scale |       |       |   159 |   531 |   246 ||   936
Dodge: Dodged            |    88 |    93 |   252 |   455 |   124 ||  1012

Table legend: (Time is in decaauts)
 A = Elapsed time spent in this place.
 B = Non-inter-level travel time spent in this place.
 C = Inter-level travel time spent in this place.
 D = Time resting spent in this place.
 E = Time spent auto-exploring this place.
 F = Levels seen in this place.
 G = Mean time per level.
                   A        B        C        D        E       F      G
               +--------+--------+--------+--------+--------+-----+--------+
         Total |  18956 |  18398 |    558 |   5017 |   9555 |  17 | 1115.1 |
       Dungeon |  12529 |  12220 |    309 |   3779 |   6074 |  11 | 1139.0 |
          Lair |   6426 |   6178 |    248 |   1238 |   3481 |   6 | 1071.0 |
               +--------+--------+--------+--------+--------+-----+--------+

Top non-repeatable levels by time:
    D:10: 1994 daAuts
     D:3: 1879 daAuts
     D:7: 1639 daAuts
  Lair:2: 1580 daAuts
  Lair:3: 1462 daAuts
  Lair:4: 1264 daAuts
     D:9: 1201 daAuts
  Lair:5: 1103 daAuts
    D:11: 1080 daAuts
     D:4: 1061 daAuts
     D:1: 934 daAuts
     D:5: 879 daAuts
     D:2: 730 daAuts
  Lair:1: 727 daAuts
     D:6: 697 daAuts
